 Dungeon Sprint DCSS version 0.29.1-15-g9cfb28693d (webtiles) character file.

Game seed: 13195841475118087691

1100000 Groucho the Intangible (level 14, -17/85 HPs)
             Began as a Djinni Warper on Mar 11, 2023.
             Was a Believer of Makhleb.
             Demolished by a meat berserker
             ... wielding a +9 battleaxe
              (49 damage)
             ... in the Dungeon (Sprint VIII: "Arena of Blood").
             The game lasted 00:00:44 (11 turns).

Groucho the Intangible (Djinni Warper)                Turns: 11, Time: 00:00:44

Health: -17/85     AC:  3    Str: 10    XL:     14   Next: 83%
Gold:   0          EV: 28    Int: 16    God:    Makhleb [**....] SH:  0 Dex: 17

rFire   + + .      SeeInvis .   i - +∞ Axe of Woe
rCold   x . .      Faith    .   (shield currently unavailable)
rNeg    . . .      Spirit   .   b - +0 leather armour
rPois   ∞          Reflect  .   (no helmet)
rElec   .          Harm     .   (no cloak)
rCorr   .          Rampage  .   (no gloves)
Will    +....      NoTele   +   (boots unavailable)
Stlth   +.........              (no amulet)
HPRegen 0.24/turn               (no ring)
MPRegen 0.00/turn               (no ring)

@: flying
A: sickness immunity, fire resistance 2, cold vulnerability 1, float, innate
caster, HP casting, extra vitality 1
a: Renounce Religion, Minor Destruction


You were in the Dungeon.
You worshipped Makhleb.
Makhleb was pleased with you.
You visited 1 branch

Inventory:

Hand Weapons
 a - a +0 hand axe
 i - the +∞ Axe of Woe (weapon)
   (You found it in the Dungeon)
Missiles
 d - 7 boomerangs of dispersal (quivered)
Armour
 b - a +0 leather armour (worn)
Scrolls
 c - 2 scrolls of blinking
Potions
 e - a potion of curing
 f - a potion of heal wounds
 g - a potion of haste
 h - a potion of berserk rage


   Skills:
 - Level 2.0 Fighting
 + Level 24.7 Axes
 - Level 0.7 Throwing
 - Level 1.0 Armour
 O Level 27 Dodging
 - Level 2.4 Spellcasting


You couldn't memorise any spells.
You knew the following spells:

 Your Spells              Type           Power      Damage    Failure   Level
a - Blink                 Tloc           18%        N/A       16%         2
b - Lesser Beckoning      Tloc           9%         N/A       30%         3
c - Gell's Gravitas       Tloc           9%         N/A       30%         3
d - Teleport Other        Tloc           9%         N/A       30%         3
e - Manifold Assault      Tloc           9%         N/A       95%         5
f - Summon Small Mammal   Summ           36%        N/A       10%         1
g - Searing Ray           Conj           18%        2d5       16%         2
h - Passwall              Tmut/Erth      7%         N/A       16%         2
i - Stone Arrow           Conj/Erth      18%        3d8       30%         3
j - Summon Forest         Summ/Tloc      4%         N/A       95%         5
k - Lee's Rapid Deconstr  Erth           4%         3d6*      95%         5
Your spell library was empty.

Dungeon Overview and Level Annotations

Branches:
Dungeon (1/1)

Altars:
Makhleb


Innate Abilities, Weirdness & Mutations

You are immune to sickness and miasma.
You are immune to poison.
Your flesh is very heat resistant. (rF++)
You are vulnerable to cold. (rC-)
You float through the air rather than walking.
You learn spells naturally, not from books.
Your magical power is your life essence.
You have superior vitality. (+4 MHP)


Message History

A bag of meat comes into view. It is wielding a +9 war axe.
You hear a shout! x3
A meat berserker comes into view. It is wielding a +9 battleaxe.
You hear a shout! x6
A bag of meat comes into view. It is wielding a +9 war axe.
A meat berserker comes into view. It is wielding a +9 battleaxe.
You hear a shout! x2; You hear two shouts!
Your Axes skill gained 4 levels and is now at level 21!
You have mastered Dodging!
You have reached level 13!
The power to cast Lee's Rapid Deconstruction wells up from within.
Spell assigned to 'k'.
You have reached level 14!
Unknown command.
The bag of meat shouts! x2
You slash the bag of meat!
You cleave the bag of meat in twain.
You kill the bag of meat!
Makhleb accepts your kill.
You hear a shout! x2
A meat berserker comes into view. It is wielding a +9 battleaxe.
You hear a shout! x7
Your Axes skill gained 2 levels and is now at level 23!
You slice the bag of meat!!
You pulverise the bag of meat into a thin bloody mist.
You kill the bag of meat!
Makhleb accepts your kill.
You can now harness Makhleb's destructive might.
You feel better.
You hear a shout! x5
The meat berserker rages.
You hear a shout! x3
A bag of meat comes into view. It is wielding a +9 war axe.
The bag of meat shouts!
Your Axes skill increases to level 24!
You hear a shout! x15
The meat berserker hits you with a +9 battleaxe!!!
Ouch! That really hurt!
The meat berserker hits you with a +9 battleaxe!!!
Ouch! That really hurt!
You die...

.. .... .. .....
#. ...# #.. ..o#
. .###.O
...###..
......###.......
......O_O....o..
#..@oO# #_.o._#
#o...O#
...o.._.....
.....O###......
.###.. ...###..
#.. ...# . #..
...# .. ...o.


You could see 6 meat berserkers and 6 bags of meat.

Vanquished Creatures
  2 ogres (D)
  3 orcs (D)
5 creatures vanquished.

Notes
Turn   | Place    | Note
-------+----------+-------------------------------------------
     0 | D        | Found the +∞ Axe of Woe
     0 | D        | Groucho the Djinni Warper began the quest for the Orb.
     0 | D        | Groucho set off with the following spells memorised: Blink,
                  | Lesser Beckoning, Gell's Gravitas, Teleport Other, Manifold
                  | Assault.
     0 | D        | Reached XP level 1. HP: 18/18 MP: 0/0
     3 | D        | Noticed a meat berserker
     3 | D        | Noticed a bag of meat
     3 | D        | Noticed a bag of meat
     4 | D        | Became a worshipper of Makhleb the Destroyer
     4 | D        | Noticed a bag of meat
     5 | D        | Killed a meat berserker
     5 | D        | Noticed a bag of meat
     5 | D        | Noticed a bag of meat
     6 | D        | Reached skill level 22 in Dodging
     6 | D        | Reached XP level 2. HP: 23/23 MP: 0/0
     6 | D        | Reached XP level 3. HP: 28/28 MP: 0/0
     6 | D        | Learned a level 1 spell: Summon Small Mammal
     6 | D        | Reached XP level 4. HP: 33/33 MP: 0/0
     6 | D        | Reached XP level 5. HP: 38/38 MP: 0/0
     6 | D        | Learned a level 2 spell: Searing Ray
     6 | D        | Reached XP level 6. HP: 43/43 MP: 0/0
     6 | D        | Reached XP level 7. HP: 49/49 MP: 0/0
     6 | D        | Learned a level 2 spell: Passwall
     6 | D        | Reached XP level 8. HP: 54/54 MP: 0/0
     6 | D        | Reached XP level 9. HP: 58/58 MP: 0/0
     6 | D        | Learned a level 3 spell: Stone Arrow
     6 | D        | Reached XP level 10. HP: 64/64 MP: 0/0
     6 | D        | Reached XP level 11. HP: 68/68 MP: 0/0
     6 | D        | Learned a level 5 spell: Summon Forest
     6 | D        | Reached XP level 12. HP: 74/74 MP: 0/0
     6 | D        | Noticed a meat berserker
     6 | D        | Noticed a bag of meat
     6 | D        | Noticed a bag of meat
     6 | D        | Noticed a meat berserker
     7 | D        | Noticed a meat berserker
     7 | D        | Noticed a bag of meat
     8 | D        | Killed a meat berserker
     8 | D        | Reached * piety under Makhleb
     8 | D        | Killed a bag of meat
     8 | D        | Noticed a meat berserker
     8 | D        | Noticed a bag of meat
     8 | D        | Noticed a meat berserker
     8 | D        | Noticed a bag of meat
     8 | D        | Noticed a meat berserker
     9 | D        | Reached skill level 27 in Dodging
     9 | D        | Reached XP level 13. HP: 71/78 MP: 0/0
     9 | D        | Learned a level 5 spell: Lee's Rapid Deconstruction
     9 | D        | Reached XP level 14. HP: 77/85 MP: 0/0
     9 | D        | Killed a bag of meat
     9 | D        | Noticed a meat berserker
    10 | D        | Killed a bag of meat
    10 | D        | Reached ** piety under Makhleb
    10 | D        | Noticed a bag of meat
    11 | D        | Demolished by a meat berserker

Illustrated notes

Levels and vault maps discovered:
D:        meatsprint

Skill      XL: |  1  2  3  4  5  6  7  8  9 10 11 12 13 14 |
---------------+-------------------------------------------+-----
Axes           | 17 21 24 | 24.7
Dodging        | 22 27 | 27.0
Fighting       | |  2.0
Throwing       | |  0.7
Armour         | |  1.0
Spellcasting   | |  2.4

Action                   |  1- 3 |  4- 6 |  7- 9 | 10-12 | 13-15 || total
-------------------------+-------+-------+-------+-------+-------++-------
Melee: Executioner's axe |     1 |       |       |     1 |     2 ||     4
